 Dungeon Crawl Stone Soup version 0.30.1-4-g462c640d31 (webtiles) character file.

Game seed: 3014470876835800132

20289 erynZofia the Unseen (level 13, -16/86 HPs)
             Began as a Kobold Brigand on Aug 27, 2023.
             Was an Elder of Wu Jian.
             Demolished by a reaper
             ... wielding a +2 scythe of freezing
              (27 damage)
             ... in an ice cave.
             The game lasted 00:52:08 (11222 turns).

erynZofia the Unseen (Kobold Brigand)              Turns: 11222, Time: 00:52:09

Health: -16/86     AC: 13    Str:  8    XL:     13   Next: 11%
Magic:  0/13       EV: 28    Int: 13    God:    Wu Jian [****..]
Gold:   464        SH:  0    Dex: 21    Spells: 12/12 levels left

rFire   . . .        b - +4 quick blade (venom)
rCold   . . .        (no shield)
rNeg    . . .        v - +2 leather armour {rPois}
rPois   +            N - +2 helmet
rElec   .            c - +0 cloak
rCorr   .            o - +0 pair of gloves
SInv    .            O - +1 pair of boots {rampage}
Will    .....        B - amulet of guardian spirit
Stlth   +++++++      u - +5 ring of evasion
HPRegen 0.34/turn    t - +4 ring of slaying
MPRegen 0.13/turn

%: guardian spirit, rampage
@: no status effects
A: small, no large weapons, nightstalker 3
a: Renounce Religion, Wall Jump, Serpent's Lash


You were in an ice cave.
You worshipped Wu Jian.
Wu Jian was greatly pleased with you.
You visited 2 branches of the dungeon, and saw 11 of its levels.
You also visited: Ice Cave.

You collected 704 gold pieces.
You spent 240 gold pieces at shops.

Inventory:

Hand Weapons
 a - a +2 dagger of venom
 b - a +4 quick blade of venom (weapon)
Missiles
 d - 23 poisoned darts (quivered)
 e - 3 curare-tipped darts
 f - 94 stones
 y - 9 atropa-tipped darts
 C - a boomerang
Armour
 c - a +0 cloak (worn)
 l - a +0 robe
 n - a +1 leather armour of cold resistance
 o - a +0 pair of gloves (worn)
 v - a +2 leather armour of poison resistance (worn)
 z - a +3 leather armour of willpower
 N - a +2 helmet (worn)
 O - a +1 pair of boots of rampaging (worn)
Jewellery
 k - a +6 ring of intelligence
 t - a +4 ring of slaying (right hand)
 u - a +5 ring of evasion (left hand)
 w - a +5 ring of evasion
 B - an amulet of guardian spirit (around neck)
Wands
 A - a wand of mindburst (11)
 E - a wand of acid (7)
 I - a wand of polymorph (2)
 M - a wand of flame (2)
Scrolls
 q - 2 scrolls of torment
 r - 3 scrolls of amnesia
 x - a scroll of brand weapon
 F - 3 scrolls of teleportation
 K - a scroll of fear
 L - 2 scrolls of poison
Potions
 g - 2 potions of mutation
 i - 5 potions of brilliance
 j - 6 potions of haste
 m - a potion of invisibility
 p - 7 potions of curing
 D - 6 potions of lignification
 H - a potion of flight


   Skills:
 + Level 12.0 Fighting
 - Level 10.0 Short Blades
 - Level 2.1 Throwing
 - Level 4.0 Armour
 + Level 12.6 Dodging
 + Level 15.6 Stealth
 - Level 5.0 Evocations


You had 12 spell levels left.
You didn't know any spells.
Your spell library contained the following spells:

 Spells                   Type           Power      Damage    Failure   Level
 Apportation              Tloc           0%         N/A       41%         1
 Necrotise                Necr           0%         1d4       41%         1
 Summon Small Mammal      Summ           0%         N/A       41%         1
 Call Canine Familiar     Summ           0%         N/A       78%         3
 Dazzling Flash           Conj/Hex       0%         N/A       78%         3
 Inner Flame              Hex/Fire       0%         N/A       78%         3
 Portal Projectile        Hex/Tloc       0%         N/A       78%         3
 Tukima's Dance           Hex            0%         N/A       78%         3
 Volatile Blastmotes      Fire/Tloc      0%         2d10      78%         3
 Flame Wave               Conj/Fire      0%         2d4       99%         4
 Iskenderun's Mystic Bla  Conj/Tloc      0%         2d3       99%         4
 Leda's Liquefaction      Hex/Erth       0%         N/A       99%         4
 Sticky Flame             Conj/Fire      0%         2d3       99%         4
 Blade Hands              Tmut           0%         N/A       100%        5
 Starburst                Conj/Fire      0%         6d3       100%        6


Dungeon Overview and Level Annotations

Branches:
Dungeon (10/15)            Temple (0/1) D:6            Lair (1/5) D:10
    Orc (0/2) D:9           IceCv (1/1)

Altars:
Fedhas
Gozag
Wu Jian

Shops:
D:1 *   D:7 *   D:8 [   D:9 :   D:10 ?

Annotations:
D:8 8 runed translucent doors, bairyn's ghost, novice SpRe
D:10 2 transporters, Taurus's ghost, journeyman MiFi IceCv exclusion: ice statue


Innate Abilities, Weirdness & Mutations

You are small and have problems with some larger weapons.
You are completely attuned to the shadows.


Message History

You hit the reaper but do no damage.
The reaper looks as sick as possible!
The reaper is lightly wounded.
You barely miss the reaper.
The reaper is lightly wounded.
The reaper hits you with a +2 scythe of freezing!!
The reaper freezes you. The white imp closely misses you.
You hit the reaper but do no damage.
The reaper is lightly wounded.
You feel much better.
The reaper hits you with a +2 scythe of freezing!
The reaper freezes you. The white imp misses you.
You hit the reaper.
The reaper is moderately wounded.
You hit the reaper but do no damage.
The reaper is moderately wounded.
The reaper completely misses you. The white imp completely misses you.
You closely miss the reaper.
The reaper is moderately wounded.
You hit the reaper but do no damage.
The reaper looks as sick as possible!
You punch the reaper, but do no damage.
The reaper is moderately wounded.
You hit the reaper but do no damage.
The reaper is moderately wounded.
The reaper closely misses you. The white imp completely misses you.
You hit the reaper.
The reaper is moderately wounded.
You hit the reaper but do no damage.
The reaper is heavily wounded.
You hit the reaper but do no damage.
The reaper is heavily wounded.
You completely miss the reaper.
The reaper is heavily wounded.
The reaper hits you with a +2 scythe of freezing!!!
* * * LOW HITPOINT WARNING * * *
The reaper freezes you.
* * * LOW HITPOINT WARNING * * *
The white imp completely misses you.
You feel better.
The reaper hits you with a +2 scythe of freezing!!
You die...

#........# #§.
###.......###..
#..#.#.....#..#
##..#.##......## ..
#...#○§###.°.°##
#.##...§§§..#.≈.###
##.#....§§§§§#...# #
#$.#..####○.§#.§°# #
#:2@5....§○§§.§..# #
#[.#.....§..☼°#○○###
##.#.#..#.#..##§§#.#
#.###..#.##.#§§☼§..
.. ##..#....#..#
#...##..##.##
#.......####.
#......## ##.
##.....# #..


You could see a reaper (extremely poisoned) and a white imp.

Vanquished Creatures
  A centaur warrior (D:8)
  A boulder beetle (D:10)
  9 death yaks (D:10)
  3 two-headed ogres
  A sun demon (D:10)
  A sixfirhy (D:10)
  An orange demon (D:10)
  An ice statue (IceCv)
  A red devil (D:10)
  5 ice devils (IceCv)
  A hellwing (D:10)
  A troll (D:9)
  Sigmund (D:5)
  A dire elephant simulacrum (IceCv)
  9 yaks
  2 steam dragons
  Eustachio (D:4)
  2 wyverns
  A neqoxec (D:10)
  A chaos spawn (D:10)
  A death yak simulacrum (IceCv)
  A harpy simulacrum (IceCv)
  An acid dragon (D:10)
  7 water moccasins
  Duvessa (D:4)
  2 orc warriors
  5 sky beasts
  2 black bears
  5 ogres
  2 centaurs
  2 kobold brigands
  A two-headed ogre simulacrum (IceCv)
  6 bullfrogs
  A cane toad simulacrum (IceCv)
  2 scorpions
  9 wights
  Dowan (D:4)
  21 killer bees
  3 elephant simulacra (IceCv)
  3 hounds
  2 jellies
  2 gnoll boudas
  4 quasits (D:10)
  An iguana (D:6)
  2 orc priests (D:9)
  Natasha (twice) (D:3)
  8 orc wizards
  A polar bear simulacrum (IceCv)
  A troll simulacrum (IceCv)
  A wolf simulacrum (IceCv)
  4 spriggan simulacra (IceCv)
  9 adders
  11 gnolls
  2 naga simulacra (IceCv)
  2 shadow imps
  18 white imps
  2 ufetubi (IceCv)
  2 worms (D:3)
  2 dart slugs (D:2)
  20 orcs
  6 bats
  7 endoplasms
  3 giant cockroaches
  4 goblins
  9 hobgoblins
  14 kobolds
  4 quokkas
  10 ball pythons
  3 frilled lizards
  7 rats
283 creatures vanquished.

Notes
Turn   | Place    | Note
-------+----------+-------------------------------------------
     0 | D:1      | erynZofia the Kobold Brigand began the quest for the Orb.
     0 | D:1      | Reached XP level 1. HP: 12/12 MP: 1/1
   273 | D:1      | Reached XP level 2. HP: 18/18 MP: 2/2
   293 | D:1      | Found Muvi's General Store.
   817 | D:1      | Reached XP level 3. HP: 22/22 MP: 3/3
  1072 | D:2      | Identified the +3 flail of Zehao {heavy, *Corrode Fragile
                  | rElec Str+8}
  1182 | D:2      | Reached XP level 4. HP: 27/27 MP: 4/4
  1724 | D:3      | Reached skill level 6 in Stealth
  1742 | D:3      | Reached XP level 5. HP: 32/32 MP: 5/5
  1844 | D:3      | Found an ornate altar of the Wu Jian Council.
  1868 | D:3      | Became a worshipper of the Wu Jian Council
  2099 | D:3      | Noticed Natasha
  2101 | D:3      | Killed Natasha
  2310 | D:3      | Noticed Natasha
  2315 | D:3      | Killed Natasha
  2316 | D:3      | Reached skill level 5 in Short Blades
  2540 | D:4      | Noticed an ogre
  2542 | D:4      | Killed an ogre
  2543 | D:4      | Reached XP level 6. HP: 37/37 MP: 6/6
  2548 | D:4      | Noticed an ogre
  2551 | D:4      | Killed an ogre
  2565 | D:4      | Noticed Eustachio
  2579 | D:4      | Killed Eustachio
  2580 | D:4      | Reached skill level 7 in Stealth
  2580 | D:4      | Reached XP level 7. HP: 40/43 MP: 7/7
  2785 | D:4      | Noticed Dowan
  2830 | D:4      | Noticed Duvessa
  2849 | D:4      | Killed Duvessa
  2912 | D:4      | Killed Dowan
  2913 | D:4      | Reached XP level 8. HP: 37/48 MP: 8/8
  2958 | D:4      | Reached * piety under Wu Jian
  3207 | D:4      | Identified a scroll of acquirement
  3207 | D:4      | Acquired a +3 quick blade of venom
  3229 | D:5      | Entered Level 5 of the Dungeon
  3274 | D:5      | Noticed Sigmund
  3332 | D:5      | Killed Sigmund
  3333 | D:5      | Reached skill level 5 in Fighting
  3333 | D:5      | Reached skill level 5 in Dodging
  3345 | D:5      | Reached skill level 8 in Stealth
  4053 | D:6      | Reached XP level 9. HP: 54/54 MP: 9/9
  4279 | D:6      | Reached skill level 9 in Stealth
  4383 | D:6      | Reached skill level 10 in Short Blades
  4384 | D:6      | Found a staircase to the Ecumenical Temple.
  4402 | D:6      | Reached skill level 1 in Evocations
  4457 | D:6      | Reached ** piety under Wu Jian
  4773 | D:6      | Noticed a two-headed ogre
  4776 | D:6      | Killed a two-headed ogre
  4777 | D:6      | Reached skill level 10 in Stealth
  4777 | D:6      | Reached XP level 10. HP: 61/61 MP: 10/10
  5157 | D:7      | Found Buen's Serpentskin Sales.
  6086 | D:8      | Found a runed translucent gate.
  6087 | D:8      | Found a runed translucent gate.
  6089 | D:8      | Found a runed translucent gate.
  6094 | D:8      | Noticed bairyn's ghost (novice SpRe)
  6106 | D:8      | Noticed a centaur warrior
  6112 | D:8      | Killed a centaur warrior
  6113 | D:8      | Reached skill level 11 in Stealth
  6113 | D:8      | Reached skill level 5 in Evocations
  6220 | D:8      | Found a runed translucent gate.
  6227 | D:8      | Found a runed translucent gate.
  6227 | D:8      | Found a runed translucent gate.
  6246 | D:8      | Found a runed translucent door.
  6254 | D:8      | Found the +9 staff of Olgreb {rPois∞}
  6286 | D:8      | Found a runed translucent door.
  6404 | D:8      | Found Lodbrok's Dragon-Slaying Spoils.
  6563 | D:8      | Reached skill level 1 in Armour
  6963 | D:8      | Reached *** piety under Wu Jian
  6964 | D:8      | Reached XP level 11. HP: 69/69 MP: 11/11
  7396 | D:9      | Reached skill level 12 in Stealth
  7826 | D:9      | Found a staircase to the Orcish Mines.
  7826 | D:9      | Noticed a two-headed ogre
  7831 | D:9      | Killed a two-headed ogre
  7950 | D:9      | Found a blossoming altar of Fedhas.
  7981 | D:9      | Found an opulent altar of Gozag.
  8180 | D:9      | Found Oneis's Book Shoppe.
  8378 | D:10     | Entered Level 10 of the Dungeon
  8380 | D:10     | Noticed a sixfirhy
  8399 | D:10     | Killed a sixfirhy
  8400 | D:10     | Reached skill level 10 in Dodging
  8639 | D:10     | Reached skill level 13 in Stealth
  8722 | D:10     | Reached **** piety under Wu Jian
  8726 | D:10     | Identified the +6 scale mail of the Lost Path {rN+ rCorr
                  | Int+3}
  8783 | D:10     | Noticed a centaur warrior
  8785 | D:10     | Noticed Taurus's ghost (journeyman MiFi)
  8786 | D:10     | Noticed a tengu warrior
  8796 | D:10     | Found a transporter.
  8799 | D:10     | Found a transporter.
  8800 | D:10     | Noticed a boulder beetle
  8807 | D:10     | Killed a boulder beetle
  8808 | D:10     | Reached skill level 10 in Fighting
  8843 | D:10     | Found a transporter.
  8932 | D:10     | Reached XP level 12. HP: 77/77 MP: 12/12
  8957 | D:10     | Found Ekim's Magic Scroll Shop.
  9108 | D:10     | Noticed a death yak
  9109 | D:10     | Noticed a death yak
  9109 | D:10     | Noticed a death yak
  9109 | D:10     | Noticed a death yak
  9109 | D:10     | Noticed a death yak
  9109 | D:10     | Noticed a death yak
  9109 | D:10     | Noticed a death yak
  9110 | D:10     | Killed a death yak
  9111 | D:10     | Killed a death yak
  9112 | D:10     | Killed a death yak
  9113 | D:10     | Killed a death yak
  9114 | D:10     | Reached skill level 14 in Stealth
  9120 | D:10     | Noticed a death yak
  9124 | D:10     | Noticed a death yak
  9158 | D:10     | Killed a death yak
  9168 | D:10     | Killed a death yak
  9168 | D:10     | Killed a death yak
  9198 | D:10     | Killed a death yak
  9206 | D:10     | Killed a death yak
  9380 | D:10     | Found a staircase to the Lair.
  9411 | D:10     | Noticed a sun demon
  9411 | D:10     | Noticed a two-headed ogre
  9441 | D:10     | Killed a sun demon
  9517 | D:10     | Killed a two-headed ogre
  9518 | D:10     | Reached skill level 15 in Stealth
  9658 | D:10     | Found a transporter.
  9905 | D:7      | Bought a +2 leather armour of poison resistance for 240
                  | gold pieces
 10012 | Lair:1   | Entered Level 1 of the Lair of Beasts
 10028 | Lair:1   | Found a frozen archway.
 10097 | IceCv    | Entered an ice cave
 10643 | IceCv    | Reached XP level 13. HP: 85/85 MP: 13/13
 10826 | IceCv    | HP: 4/86 [something (22)]
 11191 | IceCv    | Noticed a reaper
 11221 | IceCv    | HP: 4/86 [reaper/+2 scythe of freezing (1)]
 11222 | IceCv    | Demolished by a reaper

Illustrated notes

Levels and vault maps discovered:
D:1:      dpeg_arrival_orchard, layout_loops_corners, serial_shops,
          nicolae_shop_tiny_statue_garden
D:2:      layout_basic, minmay_unequal
D:3:      layout_loops_ring, mainiacjoe_overflow_catwalk, uniq_natasha
D:4:      layout_loops_ring, minmay_between, uniq_eustachio, uniq_duvessa
D:5:      layout_rooms, uniq_sigmund
D:6:      layout_cave_pods, minmay_temple_entry_junction_2, kennysheep_potato
D:7:      layout_cave_pods, serial_column_ruins, column_ruins_square_huge,
          column_ruins_hut_pillars, column_ruins_columns_corner,
          column_ruins_grid_1, column_ruins_grid_1, column_ruins_grid_1,
          column_ruins_open_small, chequers_serial_rivers_small_b,
          guppyfry_shop_venom
D:8:      layout_basic, gammafunk_ghost_split, kennysheep_cluttered_room,
          nicolae_shop_dragon_depot, minmay_guarded_unrand_staff_of_olgreb
D:9:      layout_irregular_city, mainiacjoe_overflow_two_lobes,
          minmay_orc_entry_temple_small, serial_shops, shop,
          hangedman_decor_lopped, nicolae_figureground_sparkle
D:10:     gammafunk_boulding_lane, layout_loops_ring, dpeg_lair_monsters,
          serial_demonic, serial_demonic_d, serial_demonic_e, serial_demonic_a,
          serial_demonic_b, serial_shops, kennysheep_mini_moat,
          gammafunk_ghost_arena
Lair:1:   layout_concentric_octagons, portal_ice_cave_entry_imps,
          serial_bayou_shore_a, grunt_megastairs_2
IceCv:    ice_cave_small_demon

Skill      XL: |  1  2  3  4  5  6  7  8  9 10 11 12 13 |
---------------+----------------------------------------+-----
Short Blades   | 3 4 5 6 7 9 10 | 10.0
Dodging        | 2 3 4 5 7 8 10 12 | 12.6
Fighting       | 3 4 5 6 8 10 11 12 | 12.0
Stealth        | 6 7 8 10 11 13 15 | 15.6
Evocations     | 3 5 |  5.0
Armour         | 1 4 |  4.0
Throwing       | |  2.1

Action                     |  1- 3 |  4- 6 |  7- 9 | 10-12 | 13-15 || total
---------------------------+-------+-------+-------+-------+-------++-------
  Melee: Dagger            |    70 |    73 |    45 |       |       ||   188
         Quick blade       |       |       |   122 |   624 |   113 ||   859
         Punch             |       |       |     6 |    11 |     5 ||    22
  Throw: Dart              |       |       |     6 |       |       ||     6
Ability: Lunge             |       |     9 |    23 |    32 |       ||    64
         Whirlwind         |       |       |       |     6 |       ||     6
    Use: Scroll            |       |     7 |     8 |     6 |       ||    21
         Potion            |       |       |       |     3 |     4 ||     7
   Stab: Sleeping          |    17 |    16 |    26 |    61 |     7 ||   127
         Distracted        |       |       |     1 |     4 |       ||     5
 Armour: Robe              |     9 |     6 |     6 |     8 |       ||    29
         Leather armour    |       |       |       |    15 |     7 ||    22
  Dodge: Dodged            |    36 |    32 |    54 |   257 |    46 ||   425
